 Dungeon Crawl Stone Soup version 0.30-a0-170-g85af917532 (webtiles) character file.

Game seed: 9221798288268454385

5121 qw the Cleaver (level 10, -8/64 HPs)
             Began as a Gargoyle Fighter on Sept 30, 2022.
             Was an Initiate of Okawaru.
             Mangled by a three-headed hydra (10 damage)
             ... on level 9 of the Dungeon.
             The game lasted 00:03:28 (10577 turns).

qw the Cleaver (Gargoyle Fighter)                  Turns: 10577, Time: 00:03:29

Health: -8/64      AC: 19    Str: 24    XL:     10   Next: 58%
Magic:  10/10      EV: 12    Int:  9    God:    Okawaru [......]
Gold:   495        SH:  4    Dex:  9    Spells: 9/9 levels left

rFire   . . .      SeeInvis .    k - +0 morningstar
rCold   . . .      Faith    .    c - +0 buckler
rNeg    + . .      Spirit   .    b - +0 chain mail
rPois   inf        Reflect  .    (no helmet)
rElec   +          Harm     .    g - +0 cloak
rCorr   .          Rampage  .    (no gloves)
Will    .....                    l - +0 pair of boots
Stlth   ..........               (no amulet)
HPRegen 0.20/turn                e - +4 ring of evasion
MPRegen 0.12/turn                (no ring)

@: no status effects
A: sickness immunity, AC +7, negative energy resistance 1, electricity
resistance, torment resistance 1, petrification resistance
a: Renounce Religion


You were on level 9 of the Dungeon.
You worshipped Okawaru.
Okawaru was noncommittal.
You visited 2 branches of the dungeon, and saw 10 of its levels.

You collected 495 gold pieces.


Innate Abilities, Weirdness & Mutations

You are immune to sickness and miasma.
Your stone body is resilient. (AC +7)
You are immune to poison.
You resist negative energy. (rN+)
You are resistant to electric shocks. (rElec)
You are resistant to unholy torment.
You are immune to petrification.


   Skills:
 - Level 8.0 Fighting
 + Level 10.8 Axes
 - Level 1.3 Throwing
 - Level 6.0 Armour
 - Level 3.4 Dodging
 - Level 5.0 Shields


You had 9 spell levels left.
You didn't know any spells.
Your spell library was empty.

Inventory:

Hand Weapons
 k - a +0 morningstar (weapon)
 Y - a +2 war axe of protection
Missiles
 o - a boomerang (quivered)
Armour
 a - a +0 ring mail of cold resistance
 b - a +0 chain mail (worn)
 c - a +0 buckler (worn)
 g - a +0 cloak (worn)
 l - a +0 pair of boots (worn)
Jewellery
 e - a +4 ring of evasion (left hand)
Scrolls
 f - 2 scrolls of identify
Potions
 d - 4 potions of might
 h - 2 potions of haste
 j - 2 potions of mutation
 m - a potion of attraction
 r - 2 potions of lignification

Dungeon Overview and Level Annotations

Branches:
Dungeon (9/15)             Temple (1/1) D:7            Lair (0/5) D:9
    Orc: D:9-12

Altars:
Ashenzari
Cheibriados
Dithmenos
Elyvilon
Fedhas
Gozag
Hepliaklqana
Kikubaaqudgha
Makhleb
Nemelex Xobeh
Okawaru
Qazlal
Ru
Sif Muna
Trog
Uskayaw
Vehumet
Wu Jian
Xom
Yredelemnul
Zin
The Shining One

Annotations:
D:5 1 transporter


Message History

You block the three-headed hydra's attack.
The three-headed hydra bites you but does no damage.
10564 ||| Stepping ~*~*~tactically~*~*~ (outnumbered).
10565 ||| Stepping ~*~*~tactically~*~*~ (outnumbered).
The three-headed hydra attacks as you move away!
The three-headed hydra bites you.
You block the three-headed hydra's attack.
The three-headed hydra bites you!
10566 ||| Stepping ~*~*~tactically~*~*~ (outnumbered).
10567 ||| Stepping ~*~*~tactically~*~*~ (outnumbered).
The dream sheep attacks as you move away!
The dream sheep misses you.
10568 ||| Stepping ~*~*~tactically~*~*~ (outnumbered).
10569 ||| Stepping ~*~*~tactically~*~*~ (outnumbered).
The three-headed hydra attacks as you move away!
You block the three-headed hydra's attack.
The three-headed hydra bites you but does no damage. x2
10570 ||| Stepping ~*~*~tactically~*~*~ (outnumbered).
The kobold brigand throws a poisoned dart.
The poisoned dart hits you.
10571 ||| Stepping ~*~*~tactically~*~*~ (outnumbered).
10572 ||| Stepping ~*~*~tactically~*~*~ (outnumbered).
The dream sheep attacks as you move away!
The dream sheep bites you but does no damage.
10573 ||| Stepping ~*~*~tactically~*~*~ (outnumbered).
The kobold brigand throws a curare-tipped dart.
The curare-tipped dart closely misses you.
10574 ||| Stepping ~*~*~tactically~*~*~ (outnumbered).
10575 ||| Stepping ~*~*~tactically~*~*~ (outnumbered).
You puncture the three-headed hydra!
The three-headed hydra is moderately wounded.
The dream sheep bites you.
The three-headed hydra bites you but does no damage.
The three-headed hydra bites you!
The three-headed hydra closely misses you.
The dream sheep bites you.
You sock the three-headed hydra!
The three-headed hydra is heavily wounded.
The three-headed hydra bites you!
You die...

.>PP.~# PPPP..####
PP.##.#..# ...#..#..#
.~...#...## ###.......#
##### ..........## #...##
...........####### #....#
..............KY@# ##....#
...............D.###.....##
#.................(.......#
#............K.#..........#
...............#.....##...#
..................[....####
.......................#
.........).............##
........................#


You could see a three-headed hydra, 2 kobold brigands and a dream sheep.

Vanquished Creatures
  A two-headed ogre (D:7)
  Maurice (D:8)
  An unseen horror (D:9)
  Psyche (D:8)
  Maggie (D:7)
  Grinder (D:4)
  A dream sheep (D:9)
  3 yaks (D:9)
  Grum (D:8)
  An orc warrior (D:8)
  A sky beast (D:4)
  2 ogres (D:5)
  4 wolves (D:8)
  3 kobold brigands
  A phantom (D:7)
  2 bullfrogs
  A gnoll sergeant (D:9)
  A scorpion (D:5)
  3 wights (D:7)
  6 killer bees (D:9)
  3 howler monkeys
  6 orc priests
  2 jellies (D:6)
  2 hounds
  3 iguanas
  6 orc wizards
  5 adders
  4 gnolls (D:9)
  A shadow imp (D:6)
  3 ufetubi
  28 orcs
  7 endoplasms
  5 giant cockroaches
  10 goblins
  12 hobgoblins
  7 jackals (D:2)
  2 quokkas (D:4)
  8 ball pythons
  7 bats
  7 frilled lizards
  11 kobolds
  8 rats
183 creatures vanquished.

Vanquished Creatures (others)
  A hound (D:6)
  22 fungi
  9 plants (D:9)
32 creatures vanquished.

Grand Total: 215 creatures vanquished

Notes
Turn   | Place    | Note
-------+----------+-------------------------------------------
     0 | D:1      | qw the Gargoyle Fighter began the quest for the Orb.
     0 | D:1      | Reached XP level 1. HP: 14/14 MP: 1/1
     0 | D:1      | 0 ||| qw: Version: 0.2-a-12-gaebbb33
     0 | D:1      | 0 ||| qw: Game counter: 1477
     0 | D:1      | 0 ||| qw: Always use a shield: true
     0 | D:1      | 0 ||| qw: God list: Okawaru
     0 | D:1      | 0 ||| qw: Allow faded altars: false
     0 | D:1      | 0 ||| qw: Do Orc after D:15 true
     0 | D:1      | 0 ||| qw: Do second Lair branch before Depths: true
     0 | D:1      | 0 ||| qw: Lair rune preference: random
     0 | D:1      | 0 ||| qw: Plans: Normal, Zot:1-4, God:TSO, Crypt, Tomb,
                  | Pan, Slime:5, Hells, Abyss, Orb
     0 | D:1      | 0 ||| PLANNING D:1-11
    42 | D:1      | Reached skill level 2 in Axes
   256 | D:1      | Reached XP level 2. HP: 19/19 MP: 2/2
   579 | D:1      | 579 ||| Stepping ~*~*~tactically~*~*~ (stealth).
   704 | D:1      | Reached skill level 3 in Axes
   860 | D:1      | Reached XP level 3. HP: 23/23 MP: 3/3
  1046 | D:1      | 1046 ||| DROPPING +0 club.
  1155 | D:1      | 1155 ||| READING 2 scrolls labelled GEUTTA EWUDGH.
  1156 | D:1      | 1156 ||| READING scroll labelled TYCIUCAABUK.
  1157 | D:1      | 1157 ||| READING scroll labelled QECWAA WIJO.
  1158 | D:1      | 1158 ||| READING scroll labelled ITEIFI NOMNO.
  1159 | D:1      | 1159 ||| READING scroll labelled YXTATA ZURILEA.
  1160 | D:1      | 1160 ||| DROPPING scroll of noise.
  1171 | D:2      | 1171 ||| STAIRDANCE
  1316 | D:2      | 1316 ||| Stepping ~*~*~tactically~*~*~ (stealth).
  1367 | D:2      | 1367 ||| Stepping ~*~*~tactically~*~*~ (stealth).
  1424 | D:2      | 1424 ||| Stepping ~*~*~tactically~*~*~ (stealth).
  1428 | D:2      | 1428 ||| Stepping ~*~*~tactically~*~*~ (stealth).
  1429 | D:2      | 1429 ||| Stepping ~*~*~tactically~*~*~ (stealth).
  1431 | D:2      | 1431 ||| Stepping ~*~*~tactically~*~*~ (stealth).
  1614 | D:2      | Reached XP level 4. HP: 28/28 MP: 4/4
  1663 | D:2      | Reached skill level 4 in Axes
  1832 | D:2      | Found a sparkling altar of Nemelex Xobeh.
  1970 | D:2      | Found Noecax's Weapon Shoppe.
  2149 | D:2      | 2149 ||| UPGRADING to +4 ring of evasion.
  2150 | D:2      | 2150 ||| READING scroll labelled JOMEIZ CYFEPH.
  2151 | D:2      | 2151 ||| DRINKING 3 fuming orange potions.
  2152 | D:2      | 2152 ||| READING 3 scrolls of identify.
  2152 | D:2      | 2152 ||| IDENTIFYING amethyst potion
  2153 | D:2      | 2153 ||| READING 2 scrolls of identify.
  2153 | D:2      | 2153 ||| IDENTIFYING ruby potion
  2154 | D:2      | 2154 ||| DROPPING potion of flight.
  2155 | D:2      | 2155 ||| DROPPING 2 potions of degeneration.
  2191 | D:3      | Identified the +5 spear of the Stained God {freeze, rN+}
  2384 | D:3      | 2384 ||| Stepping ~*~*~tactically~*~*~ (stealth).
  2572 | D:3      | Found a faded altar of an unknown god.
  2795 | D:3      | 2795 ||| UPGRADING to amulet of guardian spirit.
  2800 | D:3      | 2800 ||| DROPPING ring of magical power.
  2801 | D:3      | 2801 ||| READING 2 scrolls labelled RAOROF XIAHE CARE.
  2802 | D:3      | 2802 ||| READING scroll labelled JOTHRA OMAI.
  2803 | D:3      | 2803 ||| READING 2 scrolls labelled SEVUITEIBBU.
  2804 | D:3      | 2804 ||| READING scroll of enchant weapon.
  2804 | D:3      | 2804 ||| ENCHANTING +1 war axe.
  2805 | D:3      | 2805 ||| READING scroll labelled AVITEUS CAAM.
  2806 | D:3      | 2806 ||| READING scroll labelled KAQ LA ATTU.
  2809 | D:3      | 2809 ||| DROPPING scroll of vulnerability.
  2918 | D:4      | Reached XP level 5. HP: 20/32 MP: 3/5
  3032 | D:4      | Noticed a sky beast
  3044 | D:4      | 3044 ||| Stepping ~*~*~tactically~*~*~ (stealth).
  3064 | D:4      | Reached skill level 5 in Axes
  3116 | D:4      | Killed a sky beast
  3117 | D:4      | Reached XP level 6. HP: 19/39 MP: 4/6
  3330 | D:4      | 3330 ||| Stepping ~*~*~tactically~*~*~ (stealth).
  3336 | D:4      | 3336 ||| Stepping ~*~*~tactically~*~*~ (stealth).
  3346 | D:4      | 3346 ||| Stepping ~*~*~tactically~*~*~ (hiding).
  3348 | D:4      | 3348 ||| Stepping ~*~*~tactically~*~*~ (hiding).
  3349 | D:4      | 3349 ||| Stepping ~*~*~tactically~*~*~ (hiding).
  3504 | D:4      | 3504 ||| Stepping ~*~*~tactically~*~*~ (stealth).
  3568 | D:4      | 3568 ||| DROPPING +0 whip.
  3648 | D:4      | Noticed Grinder
  3655 | D:4      | Paralysed by Grinder for 5 turns
  3663 | D:4      | HP: 9/39 [Grinder/nerve-wracking pain (3)]
  3664 | D:4      | 3664 ||| READING scroll of teleportation.
  3667 | D:4      | Reached skill level 1 in Dodging
  4024 | D:4      | 4024 ||| Stepping ~*~*~tactically~*~*~ (stealth).
  4277 | D:4      | Paralysed by Grinder for 2 turns
  4301 | D:4      | Killed Grinder
  4302 | D:4      | Reached skill level 6 in Axes
  4302 | D:4      | Reached XP level 7. HP: 27/44 MP: 5/7
  4309 | D:4      | 4309 ||| FLEEEEING.
  4310 | D:4      | 4310 ||| FLEEEEING.
  4316 | D:4      | 4316 ||| STAIRDANCE
  4455 | D:5      | Entered Level 5 of the Dungeon
  4473 | D:5      | 4473 ||| Stepping ~*~*~tactically~*~*~ (stealth).
  4865 | D:5      | Found a sparkling altar of Nemelex Xobeh.
  4865 | D:5      | Found a transporter.
  4865 | D:5      | Noticed a vampire mosquito
  4866 | D:5      | Noticed a troll
  4924 | D:5      | HP: 10/44 [ogre/+0 giant club (20)]
  4925 | D:5      | 4925 ||| READING scroll of teleportation.
  4929 | D:5      | Reached skill level 7 in Axes
  5568 | D:5      | Reached skill level 1 in Throwing
  5568 | D:5      | Reached XP level 8. HP: 49/49 MP: 8/8
  5825 | D:5      | 5825 ||| DRINKING 2 brown potions.
  5826 | D:5      | 5826 ||| DRINKING 2 lumpy red potions.
  5931 | D:5      | 5931 ||| READING 2 scrolls of identify.
  5931 | D:5      | 5931 ||| IDENTIFYING smoky green potion
  5932 | D:5      | 5932 ||| DROPPING potion of invisibility.
  5933 | D:5      | 5933 ||| DROPPING potion of berserk rage.
  6411 | D:6      | Found an ornate altar of the Wu Jian Council.
  6421 | D:6      | Found a shimmering altar of Xom.
  6435 | D:6      | Reached skill level 8 in Axes
  6770 | D:6      | 6770 ||| READING scroll labelled CAEMOU MUOVUATUOW.
  6771 | D:6      | 6771 ||| DRINKING 2 inky potions.
  6772 | D:6      | 6772 ||| DRINKING 2 lumpy sapphire potions.
  6812 | D:6      | 6812 ||| READING 5 scrolls of identify.
  6812 | D:6      | 6812 ||| IDENTIFYING blue potion
  6813 | D:6      | 6813 ||| READING 4 scrolls of identify.
  6813 | D:6      | 6813 ||| IDENTIFYING purple potion
  6814 | D:6      | 6814 ||| READING 3 scrolls of identify.
  6814 | D:6      | 6814 ||| IDENTIFYING coppery potion
  6815 | D:6      | 6815 ||| READING 2 scrolls of identify.
  6815 | D:6      | 6815 ||| IDENTIFYING fuming white potion
  6816 | D:6      | 6816 ||| DROPPING potion of ambrosia.
  6817 | D:6      | 6817 ||| DROPPING potion of brilliance.
  6989 | D:7      | Noticed Maggie
  7010 | D:7      | HP: 12/50 [Maggie/+1 halberd of flaming (10)]
  7011 | D:7      | 7011 ||| READING 2 scrolls of teleportation.
  7011 | D:7      | HP: 5/50 [Maggie/+1 halberd of flaming (1)]
  7012 | D:7      | 7012 ||| DRINKING potion of heal wounds.
  7050 | D:7      | 7050 ||| FLEEEEING.
  7051 | D:7      | 7051 ||| FLEEEEING.
  7052 | D:7      | 7052 ||| FLEEEEING.
  7053 | D:7      | 7053 ||| FLEEEEING.
  7054 | D:7      | 7054 ||| FLEEEEING.
  7055 | D:7      | 7055 ||| FLEEEEING.
  7056 | D:7      | 7056 ||| STAIRDANCE
  7154 | D:6      | 7154 ||| READING scroll labelled WUTHRU MAHOPAA.
  7165 | D:7      | Killed Maggie
  7331 | D:7      | 7331 ||| Stepping ~*~*~tactically~*~*~ (stealth).
  7332 | D:7      | 7332 ||| Stepping ~*~*~tactically~*~*~ (stealth).
  7356 | D:7      | Noticed a two-headed ogre
  7365 | D:7      | Killed a two-headed ogre
  7366 | D:7      | Reached skill level 9 in Axes
  7366 | D:7      | Reached XP level 9. HP: 50/57 MP: 7/9
  7881 | D:7      | Found a staircase to the Ecumenical Temple.
  8083 | D:7      | 8083 ||| UPGRADING to +0 swamp dragon scales.
  8093 | D:7      | 8093 ||| DROPPING +0 scale mail.
  8094 | D:7      | 8094 ||| UPGRADING to +0 pair of boots.
  8151 | D:8      | 8151 ||| Stepping ~*~*~tactically~*~*~ (stealth).
  8201 | D:8      | Reached skill level 10 in Axes
  8441 | D:8      | Noticed Maurice
  8444 | D:8      | 8444 ||| FLEEEEING.
  8445 | D:8      | 8445 ||| FLEEEEING.
  8446 | D:8      | 8446 ||| FLEEEEING.
  8447 | D:8      | 8447 ||| FLEEEEING.
  8448 | D:8      | 8448 ||| FLEEEEING.
  8449 | D:8      | 8449 ||| FLEEEEING.
  8450 | D:8      | 8450 ||| FLEEEEING.
  8451 | D:8      | 8451 ||| FLEEEEING.
  8452 | D:8      | 8452 ||| DRINKING potion of curing.
  8452 | D:8      | 8452 ||| (to cure confusion)
  8453 | D:8      | 8453 ||| FLEEEEING.
  8454 | D:8      | 8454 ||| FLEEEEING.
  8489 | D:8      | Killed Maurice
  8490 | D:8      | Reached skill level 3 in Dodging
  8703 | D:8      | Identified the +9 halberd of the End of Times {elec, rElec}
  8781 | D:8      | Noticed Psyche
  8786 | D:8      | Killed Psyche
  9044 | D:8      | Noticed Grum
  9051 | D:8      | Reached XP level 10. HP: 53/64 MP: 8/10
  9067 | D:8      | Killed Grum
  9562 | D:8      | 9562 ||| UPGRADING to +0 chain mail.
  9572 | D:8      | 9572 ||| DROPPING +0 swamp dragon scales.
  9573 | D:8      | 9573 ||| UPGRADING to +0 cloak.
  9610 | D:7      | 9610 ||| PLANNING TEMPLE
  9617 | Temple   | Entered the Ecumenical Temple
  9620 | Temple   | 9620 ||| PLANNING OKAWARU WORSHIP
  9664 | Temple   | Became a worshipper of Warmaster Okawaru
  9665 | Temple   | 9665 ||| PLANNING D:1-11
  9665 | Temple   | 9665 ||| REMOVING amulet of guardian spirit.
  9670 | Temple   | 9670 ||| DROPPING amulet of guardian spirit.
  9765 | D:9      | HP: 12/64 [gnoll sergeant/+2 vorpal trident (11)]
  9766 | D:9      | 9766 ||| READING scroll of teleportation.
  9996 | D:9      | Reached skill level 6 in Armour
 10045 | D:9      | Killed an unseen horror
 10360 | D:9      | Found a staircase to the Lair.
 10530 | D:9      | 10530 ||| Stepping ~*~*~tactically~*~*~ (stealth).
 10532 | D:9      | Noticed a three-headed hydra
 10535 | D:9      | 10535 ||| SWAPPING to +0 morningstar.
 10537 | D:9      | 10537 ||| Stepping ~*~*~tactically~*~*~ (outnumbered).
 10539 | D:9      | 10539 ||| SWAPPING to +2 war axe of protection.
 10541 | D:9      | 10541 ||| SWAPPING to +0 morningstar.
 10543 | D:9      | Reached * piety under Okawaru
 10544 | D:9      | 10544 ||| INVOKING Heroism.
 10545 | D:9      | 10545 ||| Stepping ~*~*~tactically~*~*~ (outnumbered).
 10546 | D:9      | 10546 ||| Stepping ~*~*~tactically~*~*~ (outnumbered).
 10547 | D:9      | 10547 ||| Stepping ~*~*~tactically~*~*~ (outnumbered).
 10548 | D:9      | 10548 ||| Stepping ~*~*~tactically~*~*~ (outnumbered).
 10549 | D:9      | 10549 ||| Stepping ~*~*~tactically~*~*~ (outnumbered).
 10550 | D:9      | 10550 ||| Stepping ~*~*~tactically~*~*~ (outnumbered).
 10551 | D:9      | 10551 ||| Stepping ~*~*~tactically~*~*~ (outnumbered).
 10552 | D:9      | 10552 ||| Stepping ~*~*~tactically~*~*~ (outnumbered).
 10553 | D:9      | 10553 ||| Stepping ~*~*~tactically~*~*~ (outnumbered).
 10554 | D:9      | 10554 ||| Stepping ~*~*~tactically~*~*~ (outnumbered).
 10555 | D:9      | 10555 ||| Stepping ~*~*~tactically~*~*~ (outnumbered).
 10556 | D:9      | 10556 ||| Stepping ~*~*~tactically~*~*~ (outnumbered).
 10557 | D:9      | 10557 ||| Stepping ~*~*~tactically~*~*~ (outnumbered).
 10558 | D:9      | 10558 ||| Stepping ~*~*~tactically~*~*~ (outnumbered).
 10559 | D:9      | 10559 ||| Stepping ~*~*~tactically~*~*~ (outnumbered).
 10560 | D:9      | 10560 ||| Stepping ~*~*~tactically~*~*~ (outnumbered).
 10561 | D:9      | 10561 ||| Stepping ~*~*~tactically~*~*~ (outnumbered).
 10562 | D:9      | 10562 ||| Stepping ~*~*~tactically~*~*~ (outnumbered).
 10563 | D:9      | 10563 ||| Stepping ~*~*~tactically~*~*~ (outnumbered).
 10564 | D:9      | 10564 ||| Stepping ~*~*~tactically~*~*~ (outnumbered).
 10565 | D:9      | 10565 ||| Stepping ~*~*~tactically~*~*~ (outnumbered).
 10565 | D:9      | HP: 16/64 [three-headed hydra (10)]
 10566 | D:9      | 10566 ||| Stepping ~*~*~tactically~*~*~ (outnumbered).
 10567 | D:9      | 10567 ||| Stepping ~*~*~tactically~*~*~ (outnumbered).
 10568 | D:9      | 10568 ||| Stepping ~*~*~tactically~*~*~ (outnumbered).
 10569 | D:9      | 10569 ||| Stepping ~*~*~tactically~*~*~ (outnumbered).
 10570 | D:9      | 10570 ||| Stepping ~*~*~tactically~*~*~ (outnumbered).
 10571 | D:9      | 10571 ||| Stepping ~*~*~tactically~*~*~ (outnumbered).
 10572 | D:9      | 10572 ||| Stepping ~*~*~tactically~*~*~ (outnumbered).
 10573 | D:9      | 10573 ||| Stepping ~*~*~tactically~*~*~ (outnumbered).
 10574 | D:9      | 10574 ||| Stepping ~*~*~tactically~*~*~ (outnumbered).
 10575 | D:9      | 10575 ||| Stepping ~*~*~tactically~*~*~ (outnumbered).
 10576 | D:9      | HP: 16/64 [dream sheep (2)]
 10576 | D:9      | HP: 5/64 [three-headed hydra (11)]
 10576 | D:9      | HP: 2/64 [dream sheep (3)]
 10577 | D:9      | Mangled by a three-headed hydra

Levels and vault maps discovered:
D:1:      enne_arrival_octagon_isle, layout_loops_corners,
          wander_ebering_terrifying_dragon_lair
D:2:      layout_basic, serial_shops, nicolae_lakefront_shop, basic_altar,
          minmay_misc_feat_tiny
D:3:      layout_basic, dreamdust_ecumenical_altar_grove
D:4:      minmay_clustersquares, layout_loops_ring, serial_aquarium,
          aquarium_bridge_square [aquarium_subvault_bridge,
          aquarium_subvault_wall, aquarium_subvault_bridge,
          aquarium_subvault_wall], aquarium_bridge_long_separate
          [aquarium_subvault_window, aquarium_subvault_bridge,
          aquarium_subvault_window, aquarium_subvault_balcony,
          aquarium_subvault_wall, aquarium_subvault_bridge], aquarium_window_1,
          aquarium_window_1, aquarium_window_corridor_3, aquarium_view_2d,
          aquarium_pool_corner, uniq_grinder
D:5:      layout_loops_corners, grunt_nemelex_the_gamble
D:6:      layout_basic, mainiacjoe_overflow_large_starburst,
          lemuel_flamethrower_2
D:7:      layout_basic, minmay_temple_entry_from_below_b, uniq_maggie
D:8:      layout_cave_pods, uniq_grum, uniq_maurice, uniq_psyche
D:9:      layout_cross, dpeg_oklobed_lair, hangedman_ranch
Temple:   hellmonk_temple_of_storms

Skill      XL: |  1  2  3  4  5  6  7  8  9 10 |
---------------+-------------------------------+-----
Axes           | 2 3 4 5 6 7 9 10 | 10.8
Fighting       | 4 5 7 8 |  8.0
Dodging        | 1 3 |  3.4
Throwing       | 1 |  1.3
Shields        | 4 5 |  5.0
Armour         | 6 |  6.0

Action                   |  1- 3 |  4- 6 |  7- 9 | 10-12 || total
-------------------------+-------+-------+-------+-------++-------
Melee: War axe           |   145 |   150 |   225 |    97 ||   617
       Morningstar       |       |       |       |     6 ||     6
Throw: Boomerang         |       |    22 |    39 |    13 ||    74
Invok: Heroism           |       |       |       |     1 ||     1
  Use: Scroll            |     5 |    10 |     9 |     1 ||    25
       Potion            |       |     1 |     6 |       ||     7
Armor: Scale mail        |    91 |    43 |    84 |       ||   218
       Swamp dragon scal |       |       |    38 |    13 ||    51
       Chain mail        |       |       |       |    96 ||    96
Dodge: Dodged            |    58 |    82 |   148 |   104 ||   392
Block: Buckler           |    24 |    21 |    42 |    30 ||   117

Table legend:
 A = Non-vault XP
 B = Vault XP
 C = Vault XP percentage of total XP
 D = Non-vault monster count
 E = Vault monster count
 F = Vault count percentage of total count
                 A         B        C        D         E       F
            +---------+---------+-------+---------+---------+-------
      Total |    4660 |    2656 |  36.3 |     161 |      22 |  12.0
            +---------+---------+-------+---------+---------+-------
        D:1 |      46 |       1 |   2.1 |      30 |       1 |   3.2
        D:2 |      66 |       0 |   0.0 |      25 |       0 |   0.0
        D:3 |      23 |       0 |   0.0 |      11 |       0 |   0.0
        D:4 |     222 |     478 |  68.3 |      23 |      11 |  32.4
        D:5 |     438 |       0 |   0.0 |       7 |       0 |   0.0
        D:6 |     389 |       0 |   0.0 |      15 |       0 |   0.0
        D:7 |    1350 |     365 |  21.3 |      16 |       1 |   5.9
        D:8 |     404 |    1469 |  78.4 |      11 |       7 |  38.9
        D:9 |    1722 |     343 |  16.6 |      23 |       2 |   8.0
            +---------+---------+-------+---------+---------+-------
